 Dungeon Crawl Stone Soup version 0.30-a0-824-g6c64550be9 (webtiles) character file.

Game seed: 10666220110448145739

32829 Wobber the Cleaver (level 13, -5/117 HPs)
             Began as a Hill Orc Cinder Acolyte on Feb 28, 2023.
             Was a Believer of Beogh.
             Slain by a skyshark (10 damage)
             ... on level 2 of the Lair of Beasts.
             The game lasted 00:58:30 (16709 turns).

Wobber the Cleaver (Hill Orc Cinder Acolyte)       Turns: 16709, Time: 00:58:30

Health: -5/117     AC: 16    Str: 22    XL:     13   Next: 67%
Magic:  0/19       EV: 11    Int: 14    God:    Beogh [**....]
Gold:   853        SH:  7    Dex:  6    Spells: 19/21 levels left

rFire   . . .      SeeInvis +    c - +1 war axe (elec)
rCold   + . .      Faith    .    Z - +2 buckler "Bithel" {rC+ Stlth+}
rNeg    . . .      Spirit   +    C - +3 ring mail
rPois   .          Reflect  .    f - +2 hat of the Bear Spirit {Spirit, Bear, *Rage Will++}
rElec   .          Harm     .    (no cloak)
rCorr   +          Rampage  .    (no gloves)
Will    ++...      Rage     20%  (no boots)
Stlth   +                        B - amulet of Iffypaog {RegenMP rCorr}
HPRegen 0.39/turn                q - +4 ring of protection
MPRegen 0.56/turn                U - ring of see invisible

@: about to teleport, on berserk cooldown, slowed, studying 2 skills, fire
susceptible, very slow
A: no striking features
a: Renounce Religion, Smiting


You were on level 2 of the Lair of Beasts.
You worshipped Beogh.
Beogh was pleased with you.
You visited 3 branches of the dungeon, and saw 16 of its levels.

You collected 1025 gold pieces.
You spent 172 gold pieces at shops.

Inventory:

Hand Weapons
 a - a -1 hand axe of flaming
 c - a +1 war axe of electrocution (weapon)
 l - a +2 flail of holy wrath
 D - a +0 broad axe
 L - a +4 battleaxe of draining
Missiles
 n - 14 poisoned darts
 R - 4 throwing nets
 S - 3 javelins
 W - 6 boomerangs
Armour
 f - the +2 hat of the Bear Spirit (worn) {Spirit, Bear, *Rage Will++}
   (You acquired it on level 4 of the Dungeon)

   Bear:      Going berserk makes the wearer tougher, and they're slowed less
   afterward.
   *Rage:     It berserks you when you make melee attacks (+20% chance).
   Will:      It greatly increases your willpower.
 g - a +0 scale mail
 i - a +0 kite shield
 o - a +0 helmet
 C - a +3 ring mail (worn)
 G - +0 steam dragon scales
 Z - the +2 buckler "Bithel" (worn) {rC+ Stlth+}
   (You found it on level 9 of the Dungeon)

   rC:        It protects you from cold.
   Stlth:     It makes you more stealthy.
Jewellery
 q - a +4 ring of protection (left hand)
 z - a ring of positive energy
 B - the amulet of Iffypaog (around neck) {RegenMP rCorr}
   (You found it on level 5 of the Dungeon)

   [amulet of magic regeneration]

   It increases your rate of magic regeneration.
   rCorr:     It protects you from acid and corrosion.
 K - a ring of protection from cold
 M - a +6 ring of intelligence
 U - a ring of see invisible (right hand)
Wands
 b - a wand of mindburst (12)
 H - a wand of polymorph (6)
 I - a wand of iceblast (4)
 J - a wand of flame (8)
 N - a wand of quicksilver (8)
 V - a wand of digging (5)
 Y - a wand of paralysis (14)
Scrolls
 k - 5 scrolls of teleportation
 p - a scroll of magic mapping
 t - a scroll of immolation
 F - 2 scrolls of fear
 P - 3 scrolls of fog
 Q - a scroll of amnesia
 T - a scroll of poison
Potions
 d - 6 potions of curing
 e - 6 potions of flight
 h - 5 potions of mutation
 m - 2 potions of magic
 r - 2 potions of haste
 s - 4 potions of might
 u - 10 potions of ambrosia
 w - 3 potions of lignification
 x - a potion of resistance
 A - 2 potions of attraction
 E - a potion of cancellation
 O - a potion of berserk rage
 X - a potion of brilliance


   Skills:
 + Level 11.9 Fighting
 + Level 13.0 Axes
 + Level 10.2 Armour
 + Level 7.0 Dodging
 - Level 9.8 Shields
 + Level 4.5 Spellcasting
 - Level 4.0 Translocations
 * Level 8.0 Fire Magic
 - Level 5.3 Invocations


You had 19 spell levels left.
You knew the following spells:

 Your Spells              Type           Power      Damage    Failure   Level
a - Scorch                Fire           50%        2d7       1%          2

Your spell library contained the following spells:

 Spells                   Type           Power      Damage    Failure   Level
 Gell's Gravitas          Tloc           14%        N/A       19%         3
 Teleport Other           Tloc           14%        N/A       19%         3
 Ignite Poison            Fire/Tmut/Pois 10%        N/A       32%         3
 Portal Projectile        Hex/Tloc       16%        N/A       38%         3
 Cigotuvi's Dreadful Rot  Necr/Pois/Air  6%         N/A       45%         2
 Poisonous Vapours        Pois/Air       6%         N/A       45%         2
 Sticky Flame             Conj/Fire      14%        2d4       54%         4
 Call Canine Familiar     Summ           3%         N/A       69%         3
 Dazzling Flash           Conj/Hex       6%         N/A       69%         3
 Mephitic Cloud           Conj/Pois/Air  3%         N/A       69%         3
 Ozocubu's Armour         Ice            3%         N/A       69%         3
 Tukima's Dance           Hex            3%         N/A       69%         3
 Iskenderun's Mystic Bla  Conj/Tloc      8%         2d4       80%         4
 Leda's Liquefaction      Hex/Erth       1%         N/A       97%         4
 Blade Hands              Tmut           1%         N/A       100%        5
 Dispersal                Tloc           7%         N/A       100%        6
 Starburst                Conj/Fire      7%         6d4       100%        6
 Ozocubu's Refrigeration  Ice            1%         4d7       100%        7
 Ignition                 Fire           12%        3d6       100%        8


Dungeon Overview and Level Annotations

Branches:
Dungeon (13/15)            Temple (1/1) D:7            Lair (2/5) D:11
    Orc (0/2) D:11         Vaults (0/5) D:13
  Swamp: Lair:2-3    Shoals: Lair:2-3     Snake: Lair:2-3    Spider: Lair:2-3

Altars:
Ashenzari
Cheibriados
Dithmenos
Elyvilon
Fedhas
Gozag
Hepliaklqana
Kikubaaqudgha
Makhleb
Nemelex Xobeh
Okawaru
Qazlal
Ru
Sif Muna
Trog
Uskayaw
Vehumet
Wu Jian
Xom
Yredelemnul
Zin
The Shining One
Beogh

Shops:
D:2 (   D:6 ?   D:7 =


Message History

You hit the skyshark.
The skyshark is heavily wounded.
You miss the blink frog.
The blink frog blinks!
The skyshark bites you but does no damage.
The skyshark tail-slaps you but does no damage.
The skyshark tail-slaps you! You block the blink frog's attack.
The skyshark bites you!!
* * * LOW HITPOINT WARNING * * *
The skyshark tail-slaps you!
* * * LOW HITPOINT WARNING * * *
The skyshark tail-slaps you.
* * * LOW HITPOINT WARNING * * *
The blink frog blinks!
The blink frog hits you!
* * * LOW HITPOINT WARNING * * *
You feel much better. You block the skyshark's attack.
The skyshark tail-slaps you but does no damage. x2
The blink frog blinks! x2; You block the blink frog's attack.
The skyshark closely misses you. x3; The blink frog closely misses you.
As you read the scroll of teleportation, it crumbles to dust.
You feel strangely unstable. The skyshark bites you.
* * * LOW HITPOINT WARNING * * *
The skyshark misses you. The skyshark barely misses you.
The blink frog hits you but does no damage.
The blink frog barely misses you.
The blink frog blinks!
The skyshark bites you!!
* * * LOW HITPOINT WARNING * * *
The skyshark misses you. You block the skyshark's attack.
The blink frog barely misses you.
The blink frog blinks!
The blink frog misses you.
You feel much better. The skyshark bites you!!
* * * LOW HITPOINT WARNING * * *
The skyshark tail-slaps you but does no damage. x2
The blink frog blinks!
The blink frog closely misses you. The blink frog hits you.
* * * LOW HITPOINT WARNING * * *
The blink frog blinks!
The skyshark barely misses you.
The skyshark tail-slaps you but does no damage.
You block the skyshark's attack. The blink frog misses you.
The blink frog blinks!
The skyshark bites you!
You die...

.P#.##..+##
##.#..###.#.## # #...#
#.....# #### #...#
#.#...# ##..## ##...##
##....# # ..# ####..####
### .#
#..#+.##########.##..###
#........##.##§F..?.....
##...........§.@§§.§...§
###........F#..##l#......
#.........'.#P.#### .....
###.......###### ....
#.......## ... ###P##.#.#
.P ######## #


You could see a skyshark (berserk) and 2 blink frogs.

Vanquished Creatures
  Harold (D:11)
  A hydra (D:11)
  Erolcha (D:12)
  A death knight (D:13)
  A centaur warrior (D:13)
  9 death yaks
  5 two-headed ogres
  A deep elf pyromancer (D:13)
  2 manticores
  An ugly thing (D:12)
  A salamander (shapeshifter) (D:13)
  4 elephants
  A rust devil (D:10)
  2 unseen horrors
  Maggie (D:6)
  2 gargoyles
  2 cane toads (Lair:1)
  3 komodo dragons
  A rime drake (Lair:1)
  A kobold demonologist (D:11)
  A queen bee (Lair:1)
  A troll (D:13)
  Prince Ribbit (D:5)
  A blink frog (Lair:2)
  A hornet (D:9)
  A shadow (D:9)
  2 wraiths
  A vampire (D:9)
  37 yaks
  3 wyverns
  9 fire elementals
  Grum (D:11)
  5 vampire mosquitoes (D:11)
  3 basilisks
  Edmund (D:4)
  An acid dragon (D:10)
  Duvessa (D:7)
  4 water moccasins
  2 sky beasts (D:7)
  3 orc warriors
  4 black bears
  An ogre (D:5)
  2 wolves (D:11)
  9 centaurs
  2 kobold brigands
  4 necrophages
  8 bullfrogs
  3 scorpions
  7 wights
  Dowan (D:7)
  26 killer bees
  5 howler monkeys
  8 hounds
  3 jellies
  5 orc priests
  2 gnoll boudas (D:7)
  6 iguanas
  8 orc wizards
  2 hell rats (D:11)
  5 gnolls
  8 adders
  A river rat (D:11)
  A white imp (D:7)
  3 worms
  40 orcs
  5 ball pythons
  5 bats
  2 endoplasms (D:4)
  2 giant cockroaches
  7 goblins
  6 hobgoblins
  A jackal (D:7)
  4 quokkas
  4 frilled lizards
  22 kobolds
  11 rats
353 creatures vanquished.

Vanquished Creatures (collateral kills)
  A foxfire (Lair:1)
1 creature vanquished.

Vanquished Creatures (others)
  64 foxfires
  7 fungi
  6 plants
77 creatures vanquished.

Grand Total: 431 creatures vanquished

Notes
Turn   | Place    | Note
-------+----------+-------------------------------------------
     0 | D:1      | Wobber the Hill Orc Cinder Acolyte began the quest for the
                  | Orb.
     0 | D:1      | Reached XP level 1. HP: 19/19 MP: 2/2
    76 | D:1      | Reached XP level 2. HP: 26/27 MP: 3/3
    79 | D:1      | Learned a level 2 spell: Scorch
   424 | D:1      | Reached XP level 3. HP: 18/33 MP: 4/4
  1036 | D:2      | Found Giweisev's Weapon Shop.
  1195 | D:2      | Found a faded altar of an unknown god.
  1371 | D:2      | Identified the +2 short sword "Qili" {heavy, *Slow rC++}
  1711 | D:3      | Reached skill level 1 in Dodging
  1751 | D:3      | Reached XP level 4. HP: 40/40 MP: 1/6
  1809 | D:3      | Found an ancient bone altar of Kikubaaqudgha.
  1893 | D:3      | Found a glowing silver altar of Zin.
  1893 | D:3      | Noticed an angel
  1927 | D:3      | Reached skill level 1 in Armour
  2087 | D:3      | Reached XP level 5. HP: 47/47 MP: 2/7
  2424 | D:4      | Noticed Edmund
  2435 | D:4      | Reached skill level 5 in Axes
  2453 | D:4      | Killed Edmund
  2454 | D:4      | Reached skill level 5 in Fighting
  2454 | D:4      | Reached XP level 6. HP: 17/56 MP: 1/8
  2654 | D:4      | Found a shadowy altar of Dithmenos.
  3074 | D:4      | Found a broken altar of Ashenzari.
  3123 | D:4      | Identified a scroll of acquirement
  3123 | D:4      | Acquired the +2 hat of the Bear Spirit {Spirit, Bear, *Rage
                  | Will++}
  3123 | D:4      | Found the +2 hat of the Bear Spirit {Spirit, Bear, *Rage
                  | Will++}
  3204 | D:5      | Entered Level 5 of the Dungeon
  3251 | D:5      | Noticed Prince Ribbit
  3441 | D:5      | Killed Prince Ribbit
  3442 | D:5      | Reached skill level 6 in Axes
  3442 | D:5      | Reached XP level 7. HP: 43/62 MP: 2/9
  3708 | D:5      | Identified the amulet of Iffypaog {RegenMP rCorr}
  3719 | D:5      | Found a bloodstained altar of Trog.
  3782 | D:5      | Reached XP level 8. HP: 70/70 MP: 3/10
  3926 | D:5      | Found a shimmering blue altar of Sif Muna.
  3983 | D:5      | Reached skill level 7 in Axes
  4598 | D:5      | Found a radiant altar of Vehumet.
  4601 | D:5      | Found a stormy altar of Qazlal.
  4685 | D:6      | Found Zorghena's Magic Scroll Boutique.
  4885 | D:2      | Bought a +1 war axe of electrocution for 172 gold pieces
  5156 | D:6      | Reached skill level 5 in Fire Magic
  5178 | D:6      | Reached skill level 5 in Armour
  5234 | D:6      | Noticed Maggie
  5243 | D:6      | Reached XP level 9. HP: 79/79 MP: 13/13
  5249 | D:6      | Killed Maggie
  5250 | D:6      | Reached skill level 8 in Axes
  5671 | D:7      | Found a white marble altar of Elyvilon.
  5746 | D:7      | Found a sacrificial altar of Ru.
  5839 | D:7      | Noticed Duvessa
  5841 | D:7      | Noticed Dowan
  5845 | D:7      | Killed Duvessa
  5847 | D:7      | Killed Dowan
  5907 | D:7      | Reached skill level 9 in Axes
  6036 | D:7      | Reached skill level 1 in Shields
  6188 | D:7      | Found Vaepsu Xudd's Jewellery Emporium.
  6269 | D:7      | Reached XP level 10. HP: 89/89 MP: 12/15
  6356 | D:7      | Reached skill level 5 in Shields
  6525 | D:7      | Found a staircase to the Ecumenical Temple.
  6540 | Temple   | Entered the Ecumenical Temple
  7006 | D:8      | Found a hide-covered altar of Uskayaw.
  7625 | D:8      | Found a blossoming altar of Fedhas.
  7656 | D:8      | Found an iron altar of Okawaru.
  8048 | D:9      | Noticed a two-headed ogre
  8055 | D:9      | Killed a two-headed ogre
  8314 | D:9      | Identified the +2 buckler "Bithel" {rC+ Stlth+}
  8381 | D:9      | Paralysed by a hornet for 1 turns
  8388 | D:9      | Reached XP level 11. HP: 40/95 MP: 7/16
  8654 | D:9      | Found an ornate altar of the Wu Jian Council.
  8660 | D:9      | Noticed a two-headed ogre
  8666 | D:9      | Killed a two-headed ogre
  9177 | D:10     | Entered Level 10 of the Dungeon
  9229 | D:10     | Found a snail-covered altar of Cheibriados.
  9256 | D:10     | Reached skill level 10 in Axes
  9311 | D:10     | Noticed a two-headed ogre
  9318 | D:10     | Killed a two-headed ogre
  9319 | D:10     | Reached skill level 1 in Translocations
  9574 | D:10     | Identified the +7 falchion of Traps {vamp, rElec rN+}
  9977 | D:10     | Found a burning altar of Makhleb.
 10195 | D:11     | Reached skill level 5 in Dodging
 10241 | D:11     | Noticed a manticore
 10256 | D:11     | Killed a manticore
 10259 | D:11     | Reached skill level 10 in Fighting
 10494 | D:11     | Found a staircase to the Orcish Mines.
 10529 | D:11     | Found a roughly hewn altar of Beogh.
 10687 | D:11     | Reached skill level 11 in Axes
 10693 | D:11     | Reached XP level 12. HP: 106/106 MP: 17/17
 10725 | D:11     | Noticed a four-headed hydra
 10740 | D:11     | Killed an eight-headed hydra
 10759 | D:11     | Noticed a death yak
 10760 | D:11     | Noticed a death yak
 10760 | D:11     | Noticed a death yak
 11005 | D:11     | Killed a death yak
 11012 | D:11     | Killed a death yak
 11017 | D:11     | Killed a death yak
 11245 | D:11     | Found a staircase to the Lair.
 11374 | D:11     | Noticed Grum
 11390 | D:11     | Killed Grum
 11757 | D:11     | Noticed Harold
 11774 | D:11     | Killed Harold
 12090 | D:11     | Identified the +3 spear of the Seven Bones {freeze, +Blink
                  | Str+3 Int+3}
 12328 | Lair:1   | Entered Level 1 of the Lair of Beasts
 12736 | D:11     | Fell from the grace of Ignis
 12736 | D:11     | Became a worshipper of Beogh the Brigand
 12912 | D:12     | Reached skill level 1 in Invocations
 13090 | D:12     | Noticed a two-headed ogre
 13097 | D:12     | Killed a two-headed ogre
 13238 | D:12     | Reached skill level 12 in Axes
 13392 | D:12     | Noticed Erolcha
 13405 | D:12     | Killed Erolcha
 13618 | D:12     | Noticed a two-headed ogre
 13627 | D:12     | Killed a two-headed ogre
 13754 | D:13     | Noticed a death knight
 13773 | D:13     | Killed a death knight
 13785 | D:13     | Reached XP level 13. HP: 58/116 MP: 13/18
 14196 | D:13     | Reached * piety under Beogh
 14197 | D:13     | Reached skill level 5 in Invocations
 14675 | D:13     | Found a gate to the Vaults.
 15029 | Lair:1   | Reached skill level 10 in Armour
 15922 | Lair:1   | Reached ** piety under Beogh
 16495 | Lair:2   | Acquired a manual of Axes
 16593 | Lair:2   | Reached skill level 13 in Axes
 16709 | Lair:2   | HP: 5/117 [blink frog (5)]
 16709 | Lair:2   | Slain by a skyshark

Illustrated notes

Levels and vault maps discovered:
D:1:      wander_arrival_desolate, layout_loops_ring
D:2:      layout_loops_ring, ebering_ecumenical_altar_mist, serial_shops, shop
D:3:      layout_basic, zin_angel, kiku_gazebo_garden_becter
D:4:      layout_loops_ring, nicolae_dithmenos_shadow_blocks,
          mainiacjoe_overflow_alcove_2, serial_park_tiny_pond, uniq_edmund
D:5:      layout_layer_cave, kennysheep_little_box,
          nicolae_overflow_hidden_temple, mainiacjoe_overflow_alcove_1,
          kennysheep_small_spiral, chequers_serial_rivers_small_3,
          uniq_prince_ribbit1
D:6:      layout_rooms, serial_shops, shop_statue, uniq_maggie
D:7:      kennysheep_six_static_rooms, layout_basic, elyvilon_altar_4,
          nicolae_ru_great_annihilating_truth, lemuel_temple_firewalk_b,
          minmay_shop_enchanted_jewellery, uniq_duvessa
D:8:      layout_basic, mainiacjoe_overflow_alcove_4,
          kennysheep_okawaru_gauntlet, mainiacjoe_overflow_six_doors_small,
          lightli_orcish_oven
D:9:      layout_basic, mainiacjoe_overflow_small_starburst, nzn_life_drinkers
D:10:     layout_rooms, demons_altar, nicolae_overflow_crystal_walls,
          st_stairs_5
D:11:     layout_irregular_city, dpeg_lair_monsters,
          minmay_orc_entry_temple_small, kennysheep_small_square, uniq_harold,
          uniq_grum
D:12:     layout_basic, uniq_erolcha
D:13:     layout_gridville, erik_vaults_1
Temple:   hellmonk_temple_two_chambers
Lair:1:   layout_roguey, special_room [special_room_bee]
Lair:2:   layout_roguey, minmay_snake_entry_guardpost_large

Skill      XL: |  1  2  3  4  5  6  7  8  9 10 11 12 13 |
---------------+----------------------------------------+-----
Fighting       | 4 5 6 7 8 10 11 | 11.9
Dodging        | 1 2 3 4 5 6 7 |  7.0
Armour         | 1 2 3 5 6 8 9 10 | 10.2
Axes           | 5 6 7 9 11 12 13 | 13.0
Fire Magic     | 4 5 6 8 |  8.0
Spellcasting   | 2 3 4 |  4.5
Shields        | 3 9 |  9.8
Translocations | 3 4 |  4.0
Invocations    | 4 5 |  5.3

Action                     |  1- 3 |  4- 6 |  7- 9 | 10-12 | 13-15 || total
---------------------------+-------+-------+-------+-------+-------++-------
  Melee: Hand axe          |    78 |    77 |    51 |       |       ||   206
         Punch             |       |     1 |     1 |       |       ||     2
         War axe           |       |       |    70 |   418 |   235 ||   723
   Cast: Scorch            |    15 |    35 |    61 |   142 |    30 ||   283
 Invoke: Fiery Armour      |       |     1 |     2 |     3 |       ||     6
         Foxfire Swarm     |       |       |       |     5 |       ||     5
    Use: Scroll            |     2 |    12 |     3 |     7 |     7 ||    31
         Potion            |       |       |       |       |     4 ||     4
   Stab: Petrified         |       |       |       |       |     7 ||     7
 Armour: Robe              |    27 |    26 |       |       |       ||    53
         Leather armour    |       |    11 |    22 |       |       ||    33
         Ring mail         |       |       |    70 |   250 |   169 ||   489
         Skin              |       |       |       |       |    26 ||    26
  Dodge: Dodged            |    62 |    41 |    80 |   245 |   157 ||   585
  Block: Kite shield       |       |       |     2 |    68 |       ||    70
         Buckler           |       |       |       |   158 |   150 ||   308

Table legend: (Time is in decaauts)
 A = Elapsed time spent in this place.
 B = Non-inter-level travel time spent in this place.
 C = Inter-level travel time spent in this place.
 D = Time resting spent in this place.
 E = Time spent auto-exploring this place.
 F = Levels seen in this place.
 G = Mean time per level.
                   A        B        C        D        E       F      G
               +--------+--------+--------+--------+--------+-----+--------+
         Total |  17020 |  16247 |    773 |   3581 |   9673 |  16 | 1063.8 |
       Dungeon |  14836 |  14126 |    710 |   2763 |   8787 |  13 | 1141.2 |
        Temple |     17 |     13 |      4 |      0 |     11 |   1 |   17.0 |
          Lair |   2166 |   2107 |     59 |    818 |    875 |   2 | 1083.0 |
               +--------+--------+--------+--------+--------+-----+--------+

Top non-repeatable levels by time:
    D:11: 2346 daAuts
  Lair:1: 1914 daAuts
     D:5: 1537 daAuts
     D:8: 1428 daAuts
     D:9: 1239 daAuts
    D:13: 1148 daAuts
     D:4: 1133 daAuts
    D:12: 1025 daAuts
     D:7: 1004 daAuts
    D:10: 976 daAuts
     D:2: 929 daAuts
     D:1: 886 daAuts
     D:3: 644 daAuts
     D:6: 535 daAuts
  Lair:2: 251 daAuts
